 Dungeon Crawl Stone Soup version 0.20.0-15-g7f486f2 (webtiles) character file.

70 Esekla the Cutter (level 4, -1/24 HPs)
             Began as a Tengu Enchanter on June 11, 2017.
             Slain by a hound (5 damage)
             ... on level 4 of the Dungeon.
             The game lasted 00:14:04 (2477 turns).

Esekla the Cutter (Tengu Enchanter)                 Turns: 2477, Time: 00:14:05

Health: -1/24      AC:  3    Str:  8    XL:     4   Next: 22%
Magic:  8/8        EV: 13    Int: 16    God:
Gold:   33         SH:  0    Dex: 15    Spells: 0/7 levels left

rFire    . . .     SeeInvis .   a - +2 dagger
rCold    . . .     Gourm    .   (no shield)
rNeg     . . .     Faith    .   b - +0 robe
rPois    .         Spirit   .   (helmet restricted)
rElec    .         Reflect  .   o - +0 cloak
rCorr    .         Harm     .   (no gloves)
MR       .....                  (boots unavailable)
Stlth    ++........             q - amulet of inaccuracy (curse)
Regen    0.1/turn               (no ring)
MPRegen  0.2/turn               (no ring)

@: very slightly contaminated
A: beak, talons 3
a: no special abilities


You were on level 4 of the Dungeon.
You were hungry.

You visited 1 branch of the dungeon, and saw 4 of its levels.

You collected 33 gold pieces.

Inventory:

Hand Weapons
 a - a +2 dagger (weapon)
Missiles
 f - 51 stones (quivered)
Armour
 b - a +0 robe (worn)
 m - a +0 leather armour of fire resistance
 o - a +0 cloak (worn)
Jewellery
 q - a cursed amulet of inaccuracy (around neck)
Scrolls
 g - a scroll of enchant weapon
 k - a scroll of teleportation
Potions
 j - a potion of might {unknown}
 l - a potion of haste {unknown}
Books
 c - a book of Maledictions

   Spells                             Type                      Level
   a - Corona                         Hexes                        1
   b - Ensorcelled Hibernation        Hexes/Ice                    2
   c - Confuse                        Hexes                        3
   d - Tukima's Dance                 Hexes                        3
   e - Dazzling Spray                 Conjuration/Hexes            3
Comestibles
 d - 2 bread rations
 p - 4 fruits


   Skills:
 * Level 3.5 Short Blades
 + Level 3.2 Dodging
 - Level 3.0 Stealth
 - Level 2.0 Spellcasting
 - Level 2.1 Hexes


You couldn't memorise any spells.
You knew the following spells:

 Your Spells              Type           Power        Failure   Level  Hunger
a - Corona                Hex            #......      9%          1    #......
b - Dazzling Spray        Conj/Hex       #.....       36%         3    ###....
c - Confuse               Hex            #.......     26%         3    ###....


Dungeon Overview and Level Annotations

Branches:
Dungeon (4/15)             Temple (0/1) D:4

Altars:

Annotations:
D:2 Jessica


Innate Abilities, Weirdness & Mutations

You have a beak for a mouth.
You have claws for feet.


Message History

* * * LOW HITPOINT WARNING * * *
The hound bites you.
* * * LOW HITPOINT WARNING * * *
You closely miss the hound.
The hound is moderately wounded.
The hound bites you but does no damage.
You hit the hound. You claw the hound, but do no damage.
The hound is severely wounded.
The hound bites you but does no damage.
You closely miss the hound.
The hound is severely wounded.
The hound closely misses you.
You closely miss the hound. Your peck misses the hound.
The hound is severely wounded.
The hound bites you but does no damage. The hound bites you.
* * * LOW HITPOINT WARNING * * *
You miss the hound.
The hound is severely wounded.
The hound bites you.
You die...

,***,***,,,,*#..####****
,,,*,,,+,,,,,#.....###*
,,,*,,,*,,,,,#.......,******
,,,*,,,*,,,,,+.....#*,,,,,,*
*,********,,*#....##**+***,*
*,***#########.....#,,,,,*,*
,,,,,#...........%.#,***,*,*
,,,,,#.............+,*>*,+,*
**,,*#..##......@..#,*+*,***
**,,*#..##..##.##h.#,,,,,*
,,,,,#..########*#.#**+***
,,,,,#...# *.(.,,*
,,,,,#ยง.<# **###**
*****#####


You could see a hound.

Vanquished Creatures
  3 oozes (D:1)
  A worm (D:2)
  2 dart slugs (D:2)
  2 leopard geckos
  7 giant cockroaches
  3 hobgoblins
  5 kobolds (D:1)
  3 quokkas (D:2)
  8 bats
  3 frilled lizards
  4 goblins
  7 rats
48 creatures vanquished.

Notes
Turn   | Place    | Note
-------+----------+-------------------------------------------
     0 | D:1      | Esekla the Tengu Enchanter began the quest for the Orb.
     0 | D:1      | Reached XP level 1. HP: 10/10 MP: 4/4
    51 | D:1      | Reached XP level 2. HP: 12/15 MP: 6/6
   470 | D:1      | Reached XP level 3. HP: 10/19 MP: 7/7
   986 | D:2      | Noticed Jessica
  1374 | D:1      | Learned a level 3 spell: Dazzling Spray
  1943 | D:2      | Reached XP level 4. HP: 18/24 MP: 8/8
  1951 | D:2      | Learned a level 3 spell: Confuse
  2477 | D:4      | Slain by a hound

Skill      XL: |  1  2  3 |
---------------+----------+-----
Short Blades   | 2 3 |  3.5
Dodging        | 3 |  3.2
Stealth        | |  3.0
Spellcasting   | |  2.0
Hexes          | |  2.1

Action                   |  1- 3 |  4- 6 || total
-------------------------+-------+-------++-------
Melee: Dagger            |   133 |    47 ||   180
       Kick              |    26 |     8 ||    34
       Peck              |    16 |     7 ||    23
Throw: Stone             |    26 |    15 ||    41
 Cast: Corona            |       |     1 ||     1
  Use: Scroll            |     1 |     5 ||     6
 Stab: Sleeping          |     4 |     1 ||     5
  Eat: Bread ration      |     1 |       ||     1
Armor: Robe              |    17 |     8 ||    25
Dodge: Dodged            |    81 |    14 ||    95
